 Dungeon Crawl Stone Soup version 0.24.0-2-g5b39cebb1c (webtiles) character file.

Game seed: 13057641213141212286, levelgen mode: deterministic

90 Mrkan the Chopper (level 4, -1/41 HPs)
             Began as a Hill Orc Monk on Oct 31, 2019.
             Slain by an ooze (2 damage)
             ... on level 2 of the Dungeon.
             The game lasted 00:02:34 (1951 turns).

Mrkan the Chopper (Hill Orc Monk)                   Turns: 1951, Time: 00:02:34

Health: -1/41      AC:  2    Str: 14    XL:     4   Next: 56%
Magic:  4/4        EV: 13    Int: 10    God:
Gold:   54         SH:  0    Dex: 13    Spells: 3/3 levels left

rFire    . . .     SeeInvis .   a - +0 hand axe
rCold    . . .     Gourm    .   (no shield)
rNeg     . . .     Faith    .   b - +0 robe
rPois    .         Spirit   .   (no helmet)
rElec    .         Reflect  .   (no cloak)
rCorr    .         Harm     .   (no gloves)
MR       .....                  (no boots)
Stlth    ++........             (no amulet)
HPRegen  0.13/turn              (no ring)
MPRegen  0.09/turn              (no ring)

@: lethally poisoned (-1 -> -3), slowed, very slow
A: no striking features
a: no special abilities


You were on level 2 of the Dungeon.
You were not hungry.

You visited 1 branch of the dungeon, and saw 2 of its levels.

You collected 54 gold pieces.

Inventory:

Hand Weapons
 a - a +0 hand axe (weapon)
Armour
 b - a +0 robe (worn)
Scrolls
 d - a scroll of remove curse {unknown}
 f - 3 scrolls of teleportation {unknown}
 h - a scroll of identify {unknown}
Potions
 e - a potion of magic {unknown}
 g - 3 potions of curing {unknown}
 i - a potion of brilliance {unknown}
Comestibles
 c - 4 rations
 j - 2 chunks of flesh


   Skills:
 + Level 4.4 Fighting
 * Level 5.6 Axes
 + Level 2.0 Armour
 - Level 2.4 Dodging
 - Level 1.5 Stealth


You had 3 spell levels left.
You didn't know any spells.
Your spell library was empty.

Dungeon Overview and Level Annotations

Branches:
Dungeon (2/15)

Altars:


Message History

Jessica zaps a wand.
The puff of flame hits you!
* * * LOW HITPOINT WARNING * * *
You completely miss Jessica.
Jessica is severely wounded.
You hit the ooze.
You feel sick. The ooze hits you but does no damage.
Jessica zaps a wand.
The puff of flame misses you. The ooze barely misses you.
Jessica completely misses you.
You hit Jessica.
You kill Jessica!
Your Armour skill increases to level 2!
You hit the ooze. The ooze hits you.
* * * LOW HITPOINT WARNING * * *
* * * LOW HITPOINT WARNING * * *
You feel sick. The ooze barely misses you. The ooze completely misses you.
Things that are here:
a +0 robe; a wand of flame (10)
You barely miss the ooze.
The ooze is almost dead.
The ooze hits you.
You die...

##.#.## #.#.## #...
##.#.## #.#.## #...
##.#.## ###.#.###.##
##.#.## ##.##.#.##...
##.#.## ##.#÷##.#.####
##.#.## ##.#.#.##.#.##.
#.#.##.#
##.#...#†##.#.## #.##
#.##$!$[##.#.##.#.#
#.#.##
#@..#.##.#.##)#.##
##.#.##.#J#.##.#.##÷#.##
##.#.##.#.##.#.##.#.####
##.#.##.##.#.##.#.##...
##.#.###.#.##.#.###.##
##.#.#.#.##.#.## #.#
##.#.#.##.#.## #.#
##.#.##.#.######'## ##
##.#.###.......


You could see an ooze.

Vanquished Creatures
  Jessica (D:2)
  3 adders (D:2)
  2 worms (D:2)
  2 dart slugs (D:1)
  2 leopard geckos (D:1)
  3 bats (D:2)
  2 goblins
  3 hobgoblins
  2 jackals (D:1)
  2 frilled lizards (D:1)
  4 kobolds
  3 rats (D:1)
29 creatures vanquished.

Notes
Turn   | Place    | Note
-------+----------+-------------------------------------------
     0 | D:1      | Mrkan the Hill Orc Monk began the quest for the Orb.
     0 | D:1      | Reached XP level 1. HP: 19/19 MP: 1/1
   129 | D:1      | Reached XP level 2. HP: 19/27 MP: 2/2
   565 | D:1      | Reached skill level 1 in Armour
   644 | D:1      | Reached XP level 3. HP: 12/33 MP: 3/3
  1691 | D:2      | Reached skill level 5 in Axes
  1935 | D:2      | Reached XP level 4. HP: 33/41 MP: 4/4
  1940 | D:2      | Noticed Jessica
  1949 | D:2      | Killed Jessica
  1949 | D:2      | HP: 2/41 [ooze (2)]
  1951 | D:2      | Slain by an ooze

Levels and vault maps discovered:
D:1:      lightli_arrival_noodles, layout_basic
D:2:      minmay_inner_zag, layout_basic, serial_glass, glass_columns_a,
          glass_columns_a, glass_columns_a, glass_columns_b, glass_columns_a,
          glass_columns_a, glass_columns_a, glass_columns_a, glass_columns_c,
          glass_columns_c, uniq_jessica

Skill      XL: |  1  2  3  4 |
---------------+-------------+-----
Armour         | 1 2 |  2.0
Fighting       | 4 |  4.4
Axes           | 5 |  5.6
Dodging        | |  2.4
Stealth        | |  1.5

Action                   |  1- 3 |  4- 6 || total
-------------------------+-------+-------++-------
Melee: Hand axe          |   129 |     6 ||   135
  Eat: Chunk             |     3 |       ||     3
Armor: Robe              |    24 |     1 ||    25
Dodge: Dodged            |    81 |    12 ||    93
